 Dungeon Crawl Stone Soup version 0.23.1 (webtiles) character file.

Game seed: 0

2326 esteth the Frost Mage (level 9, 0/61 HPs)
             Began as a Merfolk Ice Elementalist on Mar 10, 2019.
             Was a Believer of Okawaru.
             Succumbed to a water moccasin's poison
             ... on level 7 of the Dungeon.
             The game lasted 00:23:18 (9174 turns).

esteth the Frost Mage (Merfolk Ice Elementalist)    Turns: 9174, Time: 00:23:19

Health: 0/61       AC: 17    Str:  7 (8)  XL:     9   Next: 42%
Magic:  11/13      EV:  8    Int: 15 (17) God:    Okawaru [**....]
Gold:   117        SH:  0    Dex: 12 (15) Spells: 2/14 levels left

rFire    + . .     SeeInvis .   s - +3 demon blade (venom)
rCold    + . .     Gourm    .   (no shield)
rNeg     . . .     Faith    .   B - +0 chain mail
rPois    +         Spirit   .   e - +1 helmet
rElec    +         Reflect  .   n - +2 cloak
rCorr    +         Harm     .   (no gloves)
MR       .....                  t - +1 pair of boots
Stlth    ..........             D - amulet of magic regeneration
HPRegen  0.20/turn              y - +4 ring of evasion
MPRegen  0.38/turn              (no ring)

@: lethally poisoned (0 -> -2), resistant, heroism, very slightly contaminated,
invisible
A: change form in water, swift swim, stealthy swim
a: Heroism, Renounce Religion


You were on level 7 of the Dungeon.
You worshipped Okawaru.
Okawaru was pleased with you.
You were not hungry.

You visited 2 branches of the dungeon, and saw 8 of its levels.

You collected 337 gold pieces.
You spent 220 gold pieces at shops.

Inventory:

Hand Weapons
 g - a +2 spear of piercing
 l - a +2 vampiric whip
 m - a +0 spear
 s - a +3 demon blade of venom (weapon)
Armour
 a - a +0 robe
 e - a +1 helmet (worn)
 n - a +2 cloak (worn)
 t - a +1 pair of boots (worn)
 B - a +0 chain mail (worn)
Jewellery
 d - the ring "Nek Odu" {*Tele rElec rPois Str+4 Dex-2}
   (You found it on level 4 of the Dungeon)

   [ring of teleportation]

   It may teleport you next to monsters.
   It affects your strength (+4).
   It affects your dexterity (-2).
   It insulates you from electricity.
   It protects you from poison.
 y - a +4 ring of evasion (left hand)
 D - an amulet of magic regeneration (around neck)
Wands
 j - a wand of enslavement (9)
 v - a wand of iceblast (9)
Scrolls
 b - a scroll of random uselessness {unknown}
 f - 3 scrolls of identify
 h - a scroll of teleportation
 k - 2 scrolls of remove curse {unknown}
 u - 2 scrolls of amnesia
 z - 2 scrolls of magic mapping {unknown}
 C - a scroll of noise {unknown}
Potions
 r - a potion of resistance
 w - a potion of agility
 x - a potion of brilliance
Comestibles
 c - 8 rations
 i - 4 chunks of flesh


   Skills:
 - Level 2.2(7.2) Fighting
 + Level 8.2(13.2) Long Blades
 - Level 2.9(7.9) Polearms
 - Level 2.6(7.6) Dodging
 - Level 2.1(7.1) Stealth
 - Level 3.1 Spellcasting
 - Level 0.7 Conjurations
 - Level 4.8 Summonings
 - Level 8.5 Ice Magic


You had 2 spell levels left.
You knew the following spells:

 Your Spells              Type           Power        Failure   Level  Hunger
a - Freeze                Ice            ####         73%         1    #......
b - Ozocubu's Armour      Chrm/Ice       ###.....     100%        3    ###....
c - Summon Ice Beast      Ice/Summ       ###.....     100%        4    #####..
d - Throw Icicle          Conj/Ice       ###.....     100%        4    #####..

Your spell library contained the following spells:

 Spells                   Type           Power        Failure   Level  Hunger
 Throw Frost              Conj/Ice       ###...       100%        2    ##.....


Dungeon Overview and Level Annotations

Branches:
Dungeon (7/15)             Temple (1/1) D:5

Altars:
Ashenzari
Cheibriados
Dithmenos
Elyvilon
Gozag
Hepliaklqana
Kikubaaqudgha
Makhleb
Nemelex Xobeh
Okawaru
Qazlal
Ru
Sif Muna
Trog
Uskayaw
Vehumet
Wu Jian
Xom
Yredelemnul
Zin
The Shining One

Shops:
D:6 *


Message History

Something hits you.
* * * LOW HITPOINT WARNING * * *
As you read the scroll of teleportation, it crumbles to dust.
You feel strangely unstable.
You feel sick. Something hits you but does no damage.
Something hits you but does no damage.
You feel sick. Something hits you.
* * * LOW HITPOINT WARNING * * *
You feel sick. Something hits you.
* * * LOW HITPOINT WARNING * * *
Okay, then.
It was a potion of invisibility.
You fade into invisibility!
Your surroundings suddenly seem different.
You are very lightly contaminated with residual magic.
Found a scroll labeled SOANKA IMNU and 16 gold pieces.
It was a potion of resistance.
You feel protected.
You gain the combat prowess of a mighty hero.
You die...

...#####.##.##.##.#.#.##.
.# #.##.##.##.#......
#.##.......###.###
#.#####......#.... #.#
######.##### #.# .#
###.### # #....?# #..@..#
#.....# #.$...# #.....#
#######


There were no monsters in sight!

Vanquished Creatures
  A water moccasin (D:7)
  3 ogres
  2 ice beasts
  5 centaurs
  A bullfrog (D:7)
  A scorpion (D:7)
  3 wights (D:6)
  3 howler monkeys
  2 crimson imps
  A quasit (D:7)
  A centaur skeleton (D:6)
  4 orc wizards
  2 jellies
  A bullfrog skeleton (D:6)
  3 hounds
  An orc priest (D:3)
  An iguana (D:5)
  3 worker ants
  A hound skeleton (D:6)
  12 adders
  3 gnolls (D:6)
  2 shadow imps
  2 adder skeletons
  5 worms
  7 dart slugs
  3 leopard geckos
  25 orcs
  2 ball pythons
  9 bats
  4 giant cockroaches
  5 goblins
  13 hobgoblins
  3 jackals
  6 quokkas
  A ball python skeleton (D:5)
  A ball python zombie (D:5)
  5 frilled lizards
  8 kobolds
  A quokka skeleton (D:4)
  5 rats
161 creatures vanquished.

Vanquished Creatures (collateral kills)
  A hungry ghost (D:4)
  A black bear (D:5)
  A centaur (D:5)
  An orc (D:5)
  A leopard gecko zombie (D:5)
5 creatures vanquished.

Vanquished Creatures (others)
  An orc wizard (D:4)
1 creature vanquished.

Grand Total: 167 creatures vanquished

Notes
Turn   | Place    | Note
-------+----------+-------------------------------------------
     0 | D:1      | esteth the Merfolk Ice Elementalist began the quest for the
                  | Orb.
     0 | D:1      | Reached XP level 1. HP: 13/13 MP: 3/3
    65 | D:1      | Reached XP level 2. HP: 18/19 MP: 1/5
   431 | D:1      | Reached XP level 3. HP: 12/24 MP: 0/6
  1310 | D:2      | Reached XP level 4. HP: 22/30 MP: 0/8
  2066 | D:2      | Noticed a sky beast
  2135 | D:2      | Learned a level 3 spell: Ozocubu's Armour
  2244 | D:3      | HP: 2/45 [poisoned by an adder]
  2245 | D:3      | Reached skill level 5 in Ice Magic
  2249 | D:3      | HP: 2/45 [poisoned by an adder]
  2255 | D:3      | HP: 2/45 [poisoned by an adder]
  2260 | D:3      | HP: 1/45 [poisoned by an adder]
  2264 | D:3      | Reached XP level 5. HP: 2/35 MP: 1/9
  2267 | D:3      | HP: 1/52 [orc/+0 mace (1)]
  3044 | D:3      | Learned a level 4 spell: Summon Ice Beast
  3115 | D:3      | Reached XP level 6. HP: 14/41 MP: 4/10
  3886 | D:3      | Found a radiant altar of Vehumet.
  4082 | D:3      | Reached skill level 1 in Summonings
  4363 | D:4      | Reached XP level 7. HP: 43/46 MP: 7/11
  4777 | D:4      | Noticed a hungry ghost
  4858 | D:4      | Killed a hungry ghost
  5295 | D:4      | Got a coiled amber ring
  6035 | D:5      | Entered Level 5 of the Dungeon
  6352 | D:5      | Found a staircase to the Ecumenical Temple.
  6359 | D:5      | Reached XP level 8. HP: 43/52 MP: 7/12
  6387 | Temple   | Entered the Ecumenical Temple
  6450 | Temple   | Became a worshipper of Warmaster Okawaru
  6978 | D:5      | Identified the ring "Nek Odu" {*Tele rElec rPois Str+4
                  | Dex-2} (You found it on level 4 of the Dungeon)
  7131 | D:5      | Learned a level 4 spell: Throw Icicle
  7210 | D:6      | Reached skill level 1 in Polearms
  7408 | D:6      | Reached skill level 1 in Fighting
  7656 | D:6      | Found Abuwnopt's Wicked Wares.
  7658 | D:6      | Found a basalt altar of Yredelemnul.
  7831 | D:6      | Bought a +0 demon blade of venom for 220 gold pieces
  8102 | D:6      | Reached skill level 1 in Long Blades
  8270 | D:6      | Reached * piety under Okawaru
  8731 | D:7      | Reached skill level 5 in Long Blades
  8735 | D:7      | Reached XP level 9. HP: 56/61 MP: 13/13
  9150 | D:7      | Reached ** piety under Okawaru
  9160 | D:7      | HP: 2/61 [something (8)]
  9171 | D:7      | HP: 1/61 [something (4)]
  9174 | D:7      | Succumbed to a water moccasin's poison

Skill      XL: |  1  2  3  4  5  6  7  8  9 |
---------------+----------------------------+-----
Ice Magic      | 4 5 6 7 8 |  8.5
Spellcasting   | 3 |  3.1
Summonings     | 2 4 |  4.8
Polearms       | 2 |  2.9
Fighting       | 2 |  2.2
Long Blades    | 5 8 |  8.2
Dodging        | |  2.6
Stealth        | |  2.1
Conjurations   | |  0.7

Action                   |  1- 3 |  4- 6 |  7- 9 || total
-------------------------+-------+-------+-------++-------
Melee: Unarmed           |    21 |       |       ||    21
       Whip              |    63 |    72 |       ||   135
       Spear             |       |   220 |   267 ||   487
       Tailslap          |       |     6 |       ||     6
       Demon blade       |       |       |   109 ||   109
 Cast: Freeze            |    27 |    42 |    22 ||    91
       Ozocubu's Armour  |       |     3 |       ||     3
       Summon Ice Beast  |       |       |     5 ||     5
Invok: Heroism           |       |       |     1 ||     1
  Use: Potion            |       |     5 |    10 ||    15
       Scroll            |       |     3 |    12 ||    15
 Stab: Sleeping          |     4 |     6 |     7 ||    17
  Eat: Chunk             |     1 |     8 |    10 ||    19
       Ration            |       |     1 |     6 ||     7
Armor: Robe              |    22 |    46 |    70 ||   138
       Skin              |       |    24 |       ||    24
       Chain mail        |       |       |    38 ||    38
Dodge: Dodged            |    98 |   194 |   263 ||   555
       Rpst.: Demon blade |       |       |    27 ||    27
